 Dungeon Crawl Stone Soup version 0.25.1-2-g60ff931df9 (webtiles) character file.

Game seed: 8326200126307702289

119 Erymatos the Skirmisher (level 4, -3/63 HPs)
             Began as a Minotaur Berserker on Nov 11, 2020.
             Was a Believer of Trog.
             Killed from afar by an orc wizard (12 damage)
             ... with a puff of flame
             ... on level 3 of the Dungeon.
             The game lasted 00:01:40 (1774 turns).

Erymatos the Skirmisher (Minotaur Berserker)        Turns: 1774, Time: 00:01:41

Health: -3/63      AC:  2    Str: 22    XL:     4   Next: 73%
Magic:  3/3        EV: 12    Int:  4    God:    Trog [**....]
Gold:   171        SH:  3    Dex: 10    Spells: 3/3 levels left

rFire    . . .     SeeInvis .   a - +0 hand axe
rCold    . . .     Gourm    .   k - +0 buckler (curse)
rNeg     . . .     Faith    .   b - +0 animal skin
rPois    .         Spirit   .   (helmet restricted)
rElec    .         Reflect  .   (no cloak)
rCorr    .         Harm     .   (no gloves)
MR       .....                  (no boots)
Stlth    ..........             (no amulet)
HPRegen  0.20/turn              (no ring)
MPRegen  0.08/turn              (no ring)

@: berserking, very quick
A: retaliatory headbutt, horns 2
a: Berserk, Trog's Hand, Renounce Religion


You were on level 3 of the Dungeon.
You worshipped Trog.
Trog was pleased with you.
You were hungry.

You visited 1 branch of the dungeon, and saw 3 of its levels.

You collected 171 gold pieces.

Inventory:

Hand Weapons
 a - a +0 hand axe (weapon)
Armour
 b - a +0 animal skin (worn)
 k - a cursed +0 buckler (worn)
Scrolls
 d - 2 scrolls of identify {unknown}
 e - a scroll of amnesia {unknown}
 f - a scroll of fog {unknown}
 n - a scroll of immolation {unknown}
 o - a scroll of teleportation {unknown}
 p - a scroll of noise {unknown}
Potions
 g - a potion of curing {unknown}
 i - a potion of brilliance {unknown}
 j - a potion of haste {unknown}
 l - a potion of resistance {unknown}
 m - a potion of ambrosia {unknown}
Comestibles
 c - a ration


   Skills:
 + Level 5.1 Fighting
 + Level 4.8 Axes
 + Level 2.7 Armour
 + Level 3.0 Dodging
 + Level 0.2 Shields


You had 3 spell levels left.
You didn't know any spells.
Your spell library was empty.

Dungeon Overview and Level Annotations

Branches:
Dungeon (3/15)

Altars:


Innate Abilities, Weirdness & Mutations

You reflexively headbutt those who attack you in melee.
You have a pair of horns on your head.


Message History

You closely miss the orc. You slash the orc!
You kill the orc!
Trog accepts your kill.
The orc hits you from afar with a +0 trident!
Unknown command.
You slash the orc!
You kill the orc!
Trog accepts your kill.
Unknown command.
Unknown command.
You closely miss the orc wizard. Your headbutt misses the orc wizard.
The orc misses you.
The orc priest mumbles some strange prayers to Beogh against you.
Beogh smites you!
* * * LOW HITPOINT WARNING * * *
Unknown command.
You closely miss the orc wizard.
The orc wizard points at you and mumbles some strange words.
The puff of flame hits you!
You die...

##### ##...#
#####.[#.##
#.....†.$.#
#...oo@.<.#
#...o........#
#..........##..#
#...........# #
♣.........#...
♣♣........#..##
♣...♣.♣..# .#
♣##♣♣P.... ..


You could see an orc priest, an orc wizard and an orc.

Vanquished Creatures
  2 adders (D:2)
  An ooze (D:1)
  4 worms (D:2)
  4 dart slugs
  2 leopard geckos
  2 orcs (D:3)
  4 giant cockroaches
  8 goblins
  11 hobgoblins
  4 jackals (D:1)
  12 kobolds
  8 bats
  3 frilled lizards
  6 rats
71 creatures vanquished.

Notes
Turn   | Place    | Note
-------+----------+-------------------------------------------
     0 | D:1      | Erymatos the Minotaur Berserker began the quest for the
                  | Orb.
     0 | D:1      | Reached XP level 1. HP: 19/19 MP: 0/0
   247 | D:1      | Reached skill level 4 in Fighting
   247 | D:1      | Reached XP level 2. HP: 27/27 MP: 1/1
   493 | D:1      | Reached XP level 3. HP: 31/33 MP: 2/2
   695 | D:1      | Reached ** piety under Trog
   945 | D:2      | Reached XP level 4. HP: 36/41 MP: 3/3
  1448 | D:2      | Reached skill level 5 in Fighting
  1774 | D:3      | Killed from afar by an orc wizard

Illustrated notes

Levels and vault maps discovered:
D:1:      minmay_arrival_stone_box, layout_basic, dk_noncrumbling_3,
          minmay_tetromino_o2
D:2:      layout_rooms, hangedman_decor_slide_cut
D:3:      layout_rooms, serial_forest, infiniplex_forest_split,
          infiniplex_forest_clump_small, infiniplex_forest_clump_diagonal,
          infiniplex_forest_straight_4, infiniplex_forest_lined_3,
          infiniplex_forest_clump_medium, infiniplex_forest_end_1,
          infiniplex_forest_diagonal

Skill      XL: |  1  2  3  4 |
---------------+-------------+-----
Fighting       | 4 5 |  5.1
Axes           | 4 |  4.8
Dodging        | 3 |  3.0
Armour         | |  2.7
Shields        | |  0.2

Action                   |  1- 3 |  4- 6 || total
-------------------------+-------+-------++-------
Melee: Hand axe          |    73 |    56 ||   129
       Headbutt          |     6 |    11 ||    17
Invok: Berserk           |       |     1 ||     1
 Stab: Sleeping          |       |     1 ||     1
  Eat: Chunk             |       |     3 ||     3
Armor: Animal skin       |    25 |     5 ||    30
Dodge: Dodged            |    54 |    40 ||    94
Block: Buckler           |     3 |     6 ||     9
